 Dungeon Crawl Stone Soup version 0.16.2-12-gd0ad4c3 (webtiles) character file.

12278 Kloppie the Carver (level 11, -4/90 HPs)
             Began as a Mummy Fighter on Oct 27, 2015.
             Was a High Priest of Makhleb.
             Slain by a spiny frog (21 damage)
             ... on level 3 of the Lair of Beasts.
             The game lasted 00:49:05 (14316 turns).

Kloppie the Carver (Mummy Fighter)                 Turns: 14316, Time: 00:49:05

Health: -4/90      AC: 11    Str: 22    XL:     11   Next: 60%
Magic:  23/23      EV:  9    Int:  7    God:    Makhleb [*****.]
Gold:   521        SH: 10    Dex: 11    Spells: 0 memorised, 10 levels left

rFire  x . .     SeeInvis +     a - +3 long sword (freeze)
rCold  + . .     Clarity  .     o - +0 pearl dragon armour
rNeg   + + +     SustAb   .     c - +1 shield
rPois  ∞         Gourm    .     (no helmet)
rElec  .         Spirit   .     (no cloak)
rCorr  .         Warding  .     (no gloves)
rMut   .         Stasis   .     (no boots)
MR     +....                    (no amulet)
Stlth  ..........               i - +3 ring of evasion
                                f - ring of see invisible

@: somewhat resistant to hostile enchantments, extremely unstealthy
A: no food or potions, fire vulnerability, restore body, cold resistance 1,
negative energy resistance 3, poison resistance, torment resistance, unbreathing
a: Minor Destruction, Lesser Servant of Makhleb, Major Destruction, Greater
Servant of Makhleb, Renounce Religion


You were on level 3 of the Lair of Beasts.
You worshipped Makhleb.
Makhleb was extremely pleased with you.
You were not hungry.

You visited 3 branches of the dungeon, and saw 13 of its levels.

You collected 603 gold pieces.
You spent 82 gold pieces at shops.

Inventory:

Hand weapons
 a - a +3 long sword of freezing (weapon)
 b - a +0 blowgun
 t - a +4 long sword
Missiles
 e - 17 poisoned needles
Armour
 c - a +1 shield (worn)
 l - a +1 chain mail of cold resistance
 o - a +0 pearl dragon armour (worn)
Jewellery
 f - a ring of see invisible (left hand)
 i - a +3 ring of evasion (right hand)
Magical devices
 d - a wand of enslavement (13)
 k - a wand of draining (4)
 m - a wand of slowing (45)
 u - a wand of lightning (6)
Scrolls
 g - 4 scrolls of teleportation
 j - 6 scrolls of identify
 n - 5 scrolls of remove curse
 q - 4 scrolls of recharging
Books
 h - a book of Cantrips

   Spells                             Type                      Level
   a - Corona                         Hexes                        1
   b - Animate Skeleton               Necromancy                   1
   c - Summon Small Mammal            Summoning                    1
   d - Apportation                    Translocation                1
 p - a book of Burglary

   Spells                             Type                      Level
   a - Swiftness                      Charms/Air                   2
   b - Passwall                       Transmutation/Earth          3
   c - Passage of Golubria            Translocation                4
   d - Lee's Rapid Deconstruction     Earth                        5
   e - Invisibility                   Hexes                        6
   f - Darkness                       Hexes                        7
 r - a book of Debilitation

   Spells                             Type                      Level
   a - Corona                         Hexes                        1
   b - Slow                           Hexes                        2
   c - Inner Flame                    Hexes/Fire                   3
   d - Enslavement                    Hexes                        4
   e - Cause Fear                     Hexes                        4
   f - Leda's Liquefaction            Hexes/Earth                  4
 s - a book of Conjurations

   Spells                             Type                      Level
   a - Magic Dart                     Conjuration                  1
   b - Searing Ray                    Conjuration                  2
   c - Dazzling Spray                 Conjuration/Hexes            3
   d - Fulminant Prism                Conjuration/Hexes            4
   e - Iskenderun's Mystic Blast      Conjuration                  4
   f - Iskenderun's Battlesphere      Conjuration/Charms           5
 v - a Fen Folio

   Spells                             Type                      Level
   a - Corpse Rot                     Necromancy                   2
   b - Stone Arrow                    Conjuration/Earth            3
   c - Leda's Liquefaction            Hexes/Earth                  4
   d - Summon Forest                  Summoning/Translocation      5
   e - Hydra Form                     Transmutation                6
   f - Summon Hydra                   Summoning                    7


   Skills:
 - Level 10.0 Fighting
 + Level 11.1 Long Blades
 - Level 2.4 Armour
 - Level 2.4 Shields
 + Level 8.5 Invocations


You had 10 spell levels left.
You didn't know any spells.

Dungeon Overview and Level Annotations

Branches:
Dungeon (8/15)             Temple (1/1) D:4            Lair (4/8) D:8
  Swamp: Lair:3-6    Shoals: Lair:3-6     Snake: Lair:3-6    Spider: Lair:3-6

Altars:
Ashenzari
Cheibriados
Dithmenos
Elyvilon
Fedhas
Gozag
Kikubaaqudgha
Makhleb
Nemelex Xobeh
Okawaru
Qazlal
Ru
Sif Muna
Trog
Vehumet
Xom
Yredelemnul
Zin
The Shining One

Shops:
D:4 (   D:6 !(?

Annotations:
D:3 nivlat's ghost, average HuHu
Lair:1 Gastronok


Innate Abilities, Weirdness & Mutations

You do not eat or drink.
Your flesh is vulnerable to fire.
Your flesh is cold resistant.
You are immune to negative energy.
Your system is resistant to poisons.
You are immune to unholy pain and torment.
You can survive without breathing.


Message History

You closely miss the yak.
The yak is heavily wounded.
Your hellwing gestures.
The bodies of the dead form a shell around your hellwing.
The spiny frog stings you. The yak barely misses you.
You slash the yak! You freeze the yak.
The yak is almost dead.
The spiny frog barely misses you. The yak gores you!
* * * LOW HITPOINT WARNING * * *
You hit the yak but do no damage.
The yak is almost dead.
The spiny frog stings you!
* * * LOW HITPOINT WARNING * * *
The yak gores you.
* * * LOW HITPOINT WARNING * * *
You hit the yak. You freeze the yak.
You kill the yak!
Makhleb accepts your kill.
You feel a little better. The spiny frog stings you!!
You die...

..##....## ##.....
.....%...# #.....
........##
####.....
.........#
#.#......
.##....P## ###
##.......
##.#....#####.###
#.......
###.....#.#.....#
##......
.##............F##
##.....
##...........4..@#
##....
.........##>.PP###
##...
.............###
#.##
.........##..##
###
.##...........#
###P....#.....#
#....#.##...# ###
##...###....# ##..
#####.........#
###.P.


You could see a spiny frog and a friendly hellwing.

Vanquished Creatures
  A hydra (Lair:2)
  6 spiny frogs
  2 black mambas (Lair:2)
  A komodo dragon (Lair:4)
  4 slime creatures
  2 wyverns
  4 hippogriffs
  8 yaks
  A deep elf fighter (D:8)
  5 wolves
  5 water moccasins
  4 porcupines
  A sky beast (D:7)
  The ghost of Kloppie the Sneak, an average VSEn (D:4)
  A black bear (D:8)
  A phantom (D:8)
  3 ice beasts
  2 necrophages (D:8)
  A centaur (D:5)
  4 ogres
  5 crocodiles
  Sigmund (D:5)
  Duvessa (D:8)
  12 giant frogs
  Blork the orc (D:5)
  A scorpion (D:6)
  2 wights (D:8)
  A jelly (D:4)
  2 goliath beetles (D:6)
  A wasp zombie (D:6)
  Dowan (D:8)
  6 crimson imps
  6 hounds
  4 orc priests
  4 iguanas
  6 orc wizards
  5 worker ants
  A giant frog skeleton (D:7)
  11 hell rats (Lair:3)
  5 sheep (Lair:2)
  Ijyb (D:4)
  A hound zombie (D:6)
  A hound skeleton (D:4)
  13 adders
  40 river rats
  5 gnolls
  3 giant mites
  2 worms
  2 adder zombies
  4 adder skeletons
  3 oozes
  18 orcs
  6 giant cockroaches
  8 goblins
  11 hobgoblins
  17 jackals
  3 ball pythons
  15 bats
  A giant cockroach zombie (D:6)
  A giant gecko (D:3)
  A giant gecko skeleton (D:4)
  7 giant newts
  12 kobolds
  11 quokkas
  2 quokka zombies
  31 rats
352 creatures vanquished.

Vanquished Creatures (collateral kills)
  A crocodile (Lair:3)
1 creature vanquished.

Vanquished Creatures (others)
  A smoke demon (Lair:2)
  An orange demon (Lair:3)
  A neqoxec (Lair:2)
  9 fungi (D:8)
  A plant (D:8)
13 creatures vanquished.

Grand Total: 366 creatures vanquished

Notes
Turn   | Place    | Note
--------------------------------------------------------------
     0 | D:1      | Kloppie, the Mummy Fighter, began the quest for the Orb.
     0 | D:1      | Reached XP level 1. HP: 18/18 MP: 1/1
   122 | D:1      | Reached XP level 2. HP: 16/24 MP: 2/2
   552 | D:2      | Reached XP level 3. HP: 30/30 MP: 3/3
   580 | D:2      | You fall through a shaft for 2 floors!
   580 | D:4      | Noticed an ogre
   618 | D:4      | Noticed an ogre
   623 | D:4      | Found Qarr's Weapon Shop.
   636 | D:4      | Noticed Ijyb
   734 | D:3      | Noticed nivlat's ghost (average HuHu)
   735 | D:2      | Found a bloodstained altar of Trog.
   786 | D:2      | Reached skill level 4 in Fighting
  1015 | D:2      | Found a sparkling altar of Nemelex Xobeh.
  1367 | D:2      | Reached XP level 4. HP: 29/37 MP: 4/4
  1825 | D:3      | Found a blossoming altar of Fedhas.
  2427 | D:4      | Killed Ijyb
  2437 | D:4      | Found a staircase to the Ecumenical Temple.
  2439 | D:4      | Noticed Kloppie's ghost (average VSEn)
  2443 | Temple   | Entered the Ecumenical Temple
  2726 | Temple   | Became a worshipper of Makhleb the Destroyer
  2882 | D:4      | Killed Kloppie's ghost
  2882 | D:4      | Reached skill level 5 in Fighting
  2882 | D:4      | Reached XP level 5. HP: 36/44 MP: 5/5
  3039 | D:4      | Found a deep blue altar of Sif Muna.
  3130 | D:4      | Found a shadowy altar of Dithmenos.
  3775 | D:4      | Killed an ogre
  3775 | D:4      | Reached XP level 6. HP: 51/51 MP: 6/6
  3825 | D:4      | Acquired Makhleb's first power
  3927 | D:4      | Killed an ogre
  3971 | D:4      | Reached skill level 6 in Fighting
  4171 | D:5      | Entered Level 5 of the Dungeon
  4171 | D:5      | Noticed Sigmund
  4231 | D:4      | Reached XP level 7. HP: 51/58 MP: 7/7
  4239 | D:5      | Noticed Blork the orc
  4257 | D:5      | Killed Blork the orc
  4725 | D:5      | Reached skill level 5 in Long Blades
  4930 | D:5      | Reached skill level 7 in Fighting
  5294 | D:5      | Reached XP level 8. HP: 58/67 MP: 8/8
  5367 | D:5      | Killed Sigmund
  5785 | D:6      | Acquired Makhleb's second power
  5988 | D:6      | Found Cuott's Weapon Shoppe.
  5994 | D:6      | Found Quuhacowk's Magic Scroll Emporium.
  5997 | D:6      | Bought a scroll of fear for 38 gold pieces
  5997 | D:6      | Bought a scroll of teleportation for 33 gold pieces
  5997 | D:6      | Bought a scroll of noise for 11 gold pieces
  6270 | D:6      | Found Isaz's Distillery.
  6371 | D:6      | Reached skill level 8 in Fighting
  7667 | D:7      | Found a shattered altar of Ashenzari.
  7710 | D:7      | Reached skill level 9 in Fighting
  7710 | D:7      | Reached XP level 9. HP: 39/76 MP: 9/9
  7863 | D:8      | Noticed a slime creature
  7863 | D:8      | Noticed a slime creature
  7863 | D:8      | Noticed a slime creature
  7863 | D:8      | Noticed a slime creature
  8063 | D:6      | Killed a slime creature
  8173 | D:7      | Killed a slime creature
  8422 | D:8      | Noticed Dowan
  8423 | D:8      | Noticed Duvessa
  8462 | D:8      | Killed Duvessa
  8464 | D:8      | Killed Dowan
  8512 | D:7      | Killed a slime creature
  8866 | D:8      | Reached skill level 10 in Fighting
  8988 | D:8      | Reached skill level 1 in Invocations
  9012 | D:8      | Killed a slime creature
  9035 | D:8      | Acquired Makhleb's third power
  9657 | D:8      | Reached XP level 10. HP: 85/85 MP: 15/15
  9787 | D:8      | Found a staircase to the Lair.
  9819 | D:8      | Acquired Makhleb's fourth power
  9885 | D:8      | Found a radiant altar of Vehumet.
  9963 | Lair:1   | Entered Level 1 of the Lair of Beasts
 10354 | Lair:1   | Noticed Gastronok
 11455 | Lair:1   | Reached skill level 5 in Invocations
 12078 | Lair:2   | Noticed an eight-headed hydra
 12113 | Lair:2   | Killed an eight-headed hydra
 12113 | Lair:2   | Reached skill level 10 in Long Blades
 12317 | Lair:2   | Noticed a black mamba
 12324 | Lair:2   | Killed a black mamba
 12324 | Lair:2   | Reached XP level 11. HP: 90/90 MP: 21/21
 13241 | Lair:3   | Acquired Makhleb's fifth power
 14117 | Lair:4   | Reached skill level 11 in Long Blades
 14316 | Lair:3   | Slain by a spiny frog

Action                   |  1- 3 |  4- 6 |  7- 9 | 10-12 || total
-------------------------+-------+-------+-------+-------++-------
Melee: Long sword        |   145 |   244 |   494 |   661 ||  1544
 Fire: Blowgun           |       |     9 |    17 |    17 ||    43
Invok: Lesser Servant of |       |       |       |     4 ||     4
       Minor Destruction |       |       |       |     1 ||     1
       Major Destruction |       |       |       |     1 ||     1
Evoke: Wand              |       |       |     2 |       ||     2
  Use: Scroll            |       |     8 |     8 |     4 ||    20
